 Dungeon Crawl Stone Soup version 0.31.0-32-g396128a36d (webtiles) character file.

Game seed: 2382601814623933979

82 H0rd4k the Insei (level 4, 0/29 HPs)
             Began as an Octopode Artificer on Apr 9, 2024.
             Killed from afar by a dart slug (4 damage)
             ... with a slug dart
             ... on level 3 of the Dungeon.
             The game lasted 00:01:04 (521 turns).

H0rd4k the Insei (Octopode Artificer)                Turns: 521, Time: 00:01:04

Health: 0/29       AC:  1    Str: 11    XL:     4   Next: 43%
Magic:  4/4        EV: 13    Int: 15    God:
Gold:   55         SH:  0    Dex: 12    Spells: 3/3 levels left

rFire   . .          .
                       - Unarmed
rCold   . . .        (no shield)
rNeg    . . .        (helmet restricted)
rPois   .            (no amulet)
rElec   .            (no ring)
rCorr   .            (no ring)
SInv    .            (no ring)
Will    .....        (no ring)
Stlth   +++          (no ring)
HPRegen 0.24/turn    (no ring)
MPRegen 0.09/turn    (no ring)
                     (no ring)

%: no passive effects
@: no status effects
A: almost no armour, amphibious, 8 rings, camouflage 1, gelatinous body 1,
(nimble swimmer 1), tentacles
a: no special abilities


You were on level 3 of the Dungeon.
You visited 1 branch of the dungeon, and saw 3 of its levels.

You collected 55 gold pieces.

Inventory:

Missiles
 f - 5 atropa-tipped darts
 g - 10 poisoned darts
Wands
 b - a wand of flame (15) (quivered)
 c - a wand of charming (13)
 d - a wand of iceblast (4)
Scrolls
 a - 2 scrolls of blinking {unknown}
 i - a scroll of enchant armour {unknown}
Potions
 e - a potion of lignification {unknown}
 h - a potion of enlightenment {unknown}


   Skills:
 + Level 2.1 Fighting
 - Level 2.3 Dodging
 - Level 1.3 Stealth
 + Level 3.3 Unarmed Combat
 - Level 3.2 Evocations


You had 3 spell levels left.
You didn't know any spells.
Your spell library contained the following spells:

 Spells                   Type           Power      Damage    Failure   Level
 Slow                     Hex            0%         N/A       26%         1
 Confusing Touch          Hex            0%         N/A       63%         3
 Sigil of Binding         Hex            0%         N/A       63%         3
 Vampiric Draining        Necr           0%         2d6       63%         3


Dungeon Overview and Level Annotations

Branches:
Dungeon (3/15)

Altars:

Annotations:
D:2 Terence


Innate Abilities, Weirdness & Mutations

You cannot wear most types of armour.
You are amphibious.
You can wear up to eight rings at the same time.
Your skin changes colour to match your surroundings (Stealth+).
Your rubbery body absorbs attacks. (AC +1, EV +1)
((You are camouflaged when in or above water. (Stealth+)))
You have tentacles for arms and can constrict up to eight enemies at once.


Message History

Robin hits the orc with a +0 mace.
The orc hits Robin with a +0 club.
Robin hits the orc with a +0 mace!
The orc dies!
Robin barely misses the goblin.
The goblin hits Robin but does no damage.
Robin closely misses the goblin.
The goblin hits Robin but does no damage.
Robin misses the goblin.
The goblin barely misses Robin.
Robin hits the goblin with a +0 mace.
The goblin hits Robin with a +0 club.
Robin dies!
The goblin hits you with a +0 club.
You tentacle-slap the goblin.
You kill the goblin!
A goblin comes into view. It is wielding a +0 dagger.
You closely miss the orc. You grab the orc. You squeeze the orc.
The orc is lightly wounded.
You constrict the orc.
The orc hits you with a +0 dagger of electrocution.
You tentacle-slap the orc.
The orc is severely wounded.
You constrict the orc.
The orc hits you with a +0 dagger of electrocution.
A dart slug comes into view.
You tentacle-slap the orc.
You kill the orc!
The dart slug launches a dart at you. The slug dart hits you.
You tentacle-slap the orc. You grab the orc.
The orc is severely wounded.
You constrict the orc. The orc closely misses you.
You tentacle-slap the orc.
You kill the orc!
The dart slug launches a dart at you. The slug dart hits you.
* * * LOW HITPOINT WARNING * * *
The goblin barely misses you. The dart slug launches a dart at you.
The slug dart hits you.
You die...

#......)).....##
########....#.#
#....#.#
#.#....#
#)#gog.#
#$#....#
#.#..o.#
#g###.g# #@# #.o
#.# .g. #.# ...#
#.#
........w......
##############.


You could see a dart slug and a goblin.

Vanquished Creatures
  An orc wizard (D:3)
  A gnoll (D:1)
  A ribbon worm (D:3)
  4 orcs (D:3)
  A bat (D:1)
  4 endoplasms
  4 goblins
  4 hobgoblins
  2 quokkas
  7 ball pythons
  A frilled lizard (D:1)
  2 rats (D:1)
32 creatures vanquished.

Vanquished Creatures (collateral kills)
  2 orcs (D:3)
  A hobgoblin (D:3)
  3 goblins (D:3)
6 creatures vanquished.

Vanquished Creatures (others)
  Robin (D:3)
1 creature vanquished.

Grand Total: 39 creatures vanquished

Notes
Turn   | Place    | Note
-------+----------+-------------------------------------------
     0 | D:1      | H0rd4k the Octopode Artificer began the quest for the Orb.
     0 | D:1      | Reached XP level 1. HP: 13/13 MP: 1/1
   145 | D:1      | Reached skill level 1 in Unarmed Combat
   157 | D:1      | Reached XP level 2. HP: 10/18 MP: 2/2
   305 | D:1      | Found a faded altar of an unknown god.
   326 | D:1      | You fall into a shaft and drop 1 floor!
   337 | D:2      | Reached XP level 3. HP: 24/24 MP: 3/3
   399 | D:2      | Noticed Terence
   456 | D:3      | Reached XP level 4. HP: 25/29 MP: 4/4
   484 | D:3      | Noticed Robin
   509 | D:3      | Your ally Robin died
   521 | D:3      | Killed from afar by a dart slug

Illustrated notes

Levels and vault maps discovered:
D:1:      dpeg_arrival_concentric_ovals, layout_basic,
          ebering_ecumenical_altar_webs
D:2:      layout_rooms, basic_altar, serial_shops,
          nicolae_shop_bloodbath_and_beyond, uniq_terence
D:3:      layout_basic, ashenzari_conservatory_becter, tgw_fedhas,
          dk_noncrumbling_3, uniq_robin

Skill      XL: |  1  2  3 |
---------------+----------+-----
Unarmed Combat | 1 2 3 |  3.3
Fighting       | 2 |  2.1
Dodging        | |  2.3
Stealth        | |  1.3
Evocations     | |  3.2

Action                     |  1- 3 |  4- 6 || total
---------------------------+-------+-------++-------
  Melee: Unarmed           |    61 |    14 ||    75
         Constrict         |    12 |     4 ||    16
         Tentacles         |    12 |     3 ||    15
  Evoke: Wand              |     2 |     1 ||     3
   Stab: Sleeping          |     1 |       ||     1
 Armour: Skin              |    22 |    12 ||    34
  Dodge: Dodged            |    28 |     4 ||    32
